 Dungeon Crawl Stone Soup version 0.27.1-2-g3b301248ec (webtiles) character file.

Game seed: 9832243416936097407

85 SibleyIrresistible the Gusty (level 4, -4/24 HPs)
             Began as a Tengu Air Elementalist on Sept 26, 2021.
             Slain by Crazy Yiuf (11 damage)
             ... on level 2 of the Dungeon.
             The game lasted 00:05:57 (1749 turns).

SibleyIrresistible the Gusty (TeAE)                 Turns: 1749, Time: 00:05:58

Health: -4/24      AC:  2    Str:  9    XL:     4   Next: 48%
Magic:  6/8        EV: 12    Int: 16    God:
Gold:   110        SH:  0    Dex: 14    Spells: 6/7 levels left

rFire    . . .     SeeInvis .   j - +3 dagger
rCold    . . .     Faith    .   (no shield)
rNeg     . . .     Spirit   .   a - +0 robe
rPois    .         Reflect  .   (helmet restricted)
rElec    .         Harm     .   (no cloak)
rCorr    .         Rampage  .   (no gloves)
Will     .....                  (boots unavailable)
Stlth    ++........             (no amulet)
HPRegen  0.08/turn              (no ring)
MPRegen  0.11/turn              (no ring)

@: no status effects
A: beak, talons 3
a: no special abilities


You were on level 2 of the Dungeon.
You visited 1 branch of the dungeon, and saw 2 of its levels.

You collected 110 gold pieces.

Inventory:

Hand Weapons
 j - a +3 dagger (weapon)
Missiles
 h - 4 silver javelins
Armour
 a - a +0 robe (worn)
Jewellery
 e - a ring of resist corrosion
Scrolls
 c - a scroll of identify {unknown}
 d - a scroll of teleportation {unknown}
 g - a scroll of acquirement {unknown}
 i - a scroll of magic mapping {unknown}
Potions
 b - a potion of attraction {unknown}
 f - a potion of berserk rage {unknown}
 k - a potion of flight {unknown}


   Skills:
 + Level 2.5 Dodging
 - Level 2.0 Stealth
 - Level 2.0 Spellcasting
 - Level 1.3 Conjurations
 + Level 6.6 Air Magic


You had 6 spell levels left.
You knew the following spells:

 Your Spells              Type           Power      Damage    Failure   Level
a - Shock                 Conj/Air       56%        1d6       4%          1

Your spell library contained the following spells:

 Spells                   Type           Power      Damage    Failure   Level
 Swiftness                Air            22%        N/A       4%          3
 Static Discharge         Conj/Air       14%        N/A       6%          2
 Airstrike                Air            11%        N/A       14%         4
 Frozen Ramparts          Ice            2%         1d2       52%         3
 Inner Flame              Hex/Fire       1%         N/A       52%         3
 Cause Fear               Hex            0%         N/A       90%         4
 Ice Form                 Ice/Tmut       1%         N/A       90%         4
 Summon Ice Beast         Ice/Summ       1%         N/A       90%         4
 Discord                  Hex            0%         N/A       100%        8


Dungeon Overview and Level Annotations

Branches:
Dungeon (2/15)

Altars:
Fedhas

Shops:
D:1 !

Annotations:
D:2 Crazy Yiuf


Innate Abilities, Weirdness & Mutations

You have a beak for a mouth.
You have claws for feet.


Message History

* * * LOW HITPOINT WARNING * * *
Crazy Yiuf burns you.
* * * LOW HITPOINT WARNING * * *
Unknown command.
Okay, then.
Crazy Yiuf says, "Snoogle rumpyflump dark!"
Crazy Yiuf laughs, "Trifle!
Adder fast testudinal."
Crazy Yiuf grits, "Hack pontify blue!"
Crazy Yiuf cries, "Cake horse noodlescoop!"
Crazy Yiuf says, "Cards!
Aardvark action hand."
Crazy Yiuf says, "Shadow head chair!"
There is a stone staircase leading up here.
You climb upwards.
There is a stone staircase leading down here.
There is a stone staircase leading down here.
You start resting.
HP restored.
You climb downwards.
Level annotation: Crazy Yiuf
There is a stone staircase leading up here.
Casting: Shock (safe; 4% risk of failure)
Confirm with . or Enter, or press ? or * to list all spells.
Aiming: Shock (safe; 4% risk of failure)
Press: ? - help, Shift-Dir - straight line The zap misses Crazy Yiuf.
The zap hits Crazy Yiuf.
Crazy Yiuf is moderately wounded.
Crazy Yiuf hits you with a +3 quarterstaff of chaos!
Ouch! That really hurt!
Crazy Yiuf burns you.
* * * LOW HITPOINT WARNING * * *
Casting: Shock (safe; 4% risk of failure)
Confirm with . or Enter, or press ? or * to list all spells.
Aiming: Shock (safe; 4% risk of failure)
Press: ? - help, Shift-Dir - straight line The zap hits Crazy Yiuf but does no damage.
Crazy Yiuf is moderately wounded.
The zap misses Crazy Yiuf.
Crazy Yiuf cries, "Lay bush mobile!"
Crazy Yiuf hits you with a +3 quarterstaff of chaos!
You die...

#...........#
#...........#
########....# #....#
#....# #....#
##....#####
########......>..#
#.....##..g@.#.#.######
#.....#<.......#......#
#.....##.###...######.#
#.....##.###...# #.#
#..........#...######.#
#.....##.#.#..........#
#.....#....#..######..#
#.....#..#.#..#....#..#
#.....#.......#.##.#..#


You could see Crazy Yiuf.

Vanquished Creatures
  Natasha (D:2)
  2 adders (D:2)
  A gnoll (D:1)
  2 ball pythons
  4 bats (D:1)
  5 endoplasms
  3 giant cockroaches
  4 goblins (D:1)
  A hobgoblin (D:2)
  3 kobolds
  4 frilled lizards
  6 rats (D:1)
36 creatures vanquished.

Notes
Turn   | Place    | Note
-------+----------+-------------------------------------------
     0 | D:1      | SibleyIrresistible the Tengu Air Elementalist began the
                  | quest for the Orb.
     0 | D:1      | Reached XP level 1. HP: 10/10 MP: 4/4
   256 | D:1      | Reached XP level 2. HP: 15/15 MP: 0/6
   270 | D:1      | Found Heurad's Distillery.
   414 | D:1      | Reached skill level 5 in Air Magic
   566 | D:1      | Reached XP level 3. HP: 14/19 MP: 1/7
   781 | D:1      | Found a faded altar of an unknown god.
   972 | D:2      | Found a blossoming altar of Fedhas.
   983 | D:2      | Noticed Natasha
   991 | D:2      | Killed Natasha
   992 | D:2      | Reached skill level 6 in Air Magic
   992 | D:2      | Reached XP level 4. HP: 15/24 MP: 2/8
  1450 | D:2      | Found a runed translucent door.
  1451 | D:2      | Noticed Crazy Yiuf
  1749 | D:2      | Slain by Crazy Yiuf

Illustrated notes

Levels and vault maps discovered:
D:1:      nagdon_arrival_double_spiral, layout_rooms,
          shapermc_ecumenical_altar_ellora, serial_shops, shop, hex_tiny
D:2:      minmay_general_purpose_star, layout_basic, basic_altar, minivault_24,
          uniq_natasha, uniq_crazy_yiuf_cottage

Skill      XL: |  1  2  3 |
---------------+----------+-----
Air Magic      | 5 6 |  6.6
Dodging        | |  2.5
Stealth        | |  2.0
Spellcasting   | |  2.0
Conjurations   | |  1.3

Action                   |  1- 3 |  4- 6 || total
-------------------------+-------+-------++-------
Melee: Unarmed           |    15 |       ||    15
       Peck              |     3 |       ||     3
       Kick              |     2 |       ||     2
       Dagger            |       |     1 ||     1
 Cast: Shock             |    49 |    21 ||    70
Armor: Robe              |     1 |       ||     1
Dodge: Dodged            |    17 |     1 ||    18
